 Dungeon Crawl Stone Soup version 0.31.0-1-g2c135a008e (webtiles) character file.

Game seed: 13005594339268151238

57 qw the Shooter (level 4, -4/34 HPs)
             Began as a Djinni Hunter on Jan 23, 2024.
             Slain by a gnoll
             ... wielding a +1 spear of venom
              (6 damage)
             ... on level 2 of the Dungeon.
             The game lasted 00:00:05 (1057 turns).

qw the Shooter (Djinni Hunter)                      Turns: 1057, Time: 00:00:06

Health: -4/34      AC:  5    Str: 10    XL:     4   Next: 18%
Gold:   30         EV: 11    Int: 11    God:
                   SH:  0    Dex: 18

rFire   + + .        c - +0 orcbow
rCold   x . .        (shield currently unavailable)
rNeg    . . .        g - +0 ring mail
rPois   inf          (no helmet)
rElec   .            (no cloak)
rCorr   .            (no gloves)
SInv    .            (boots unavailable)
Will    .....        (no amulet)
Stlth   +            (no ring)
HPRegen 0.25/turn    (no ring)
MPRegen 0.00/turn

%: infuse magic (-5 HP)
@: flying
A: sickness immunity, fire resistance 2, cold vulnerability 1, float, innate
caster, HP casting, extra vitality 1
a: no special abilities


You were on level 2 of the Dungeon.
You visited 1 branch of the dungeon, and saw 2 of its levels.

You collected 72 gold pieces.
You spent 42 gold pieces at shops.


Innate Abilities, Weirdness & Mutations

You are immune to sickness and miasma.
You are immune to poison.
Your flesh is very heat resistant. (rF++)
You are vulnerable to cold. (rC-)
You float through the air rather than walking.
You learn spells naturally, not from books.
Your magical power is your life essence.
You have superior vitality. (+4 MHP)


   Skills:
 + Level 2.7 Fighting
 - Level 4.0 Ranged Weapons
 - Level 1.2 Armour
 - Level 2.1 Dodging
 - Level 0.7 Stealth


You knew the following spells:

 Your Spells              Type           Power      Damage    Failure   Level
a - Magic Dart            Conj           0%         1d3       65%         1
Your spell library was empty.

Inventory:

Hand Weapons
 c - a +0 orcbow (weapon)
Armour
 g - a +0 ring mail (worn)
Scrolls
 b - 2 scrolls of identify
 d - a scroll of amnesia {unknown}
Potions
 a - a potion of mutation {unknown}

Dungeon Overview and Level Annotations

Branches:
Dungeon (2/15)

Altars:

Shops:
D:2 (!


Message History

Found a plate armour.
You see here a +0 plate armour.
You reach down and open the door.
A gnoll comes into view. It is wielding a +0 flail.
The gnoll shouts!
There is an open door here.
You shoot an arrow.
The arrow hits the gnoll but does no damage.
A gnoll comes into view. It is wielding a +1 spear of venom.
A gnoll comes into view. It is wielding a +0 whip.
Enter note:
Enter note:
Enter note:
Enter note:
Enter note:
Enter note:
1049 ||| RETREEEEATING.
The gnoll shouts! x2
There is an open door here.
1051 ||| RETREEEEATING.
You shoot an arrow. The arrow closely misses the gnoll.
You shoot an arrow. The arrow barely misses the gnoll.
The gnoll hits you with a +0 flail! The gnoll hits you with a +0 flail.
You shoot an arrow. The arrow barely misses the gnoll.
The arrow hits the gnoll but does no damage.
The gnoll barely misses you. The gnoll misses you.
You shoot an arrow. The arrow hits the gnoll.
The gnoll is heavily wounded.
The gnoll hits you from afar with a +1 spear of venom.
The gnoll closely misses you.
The gnoll hits you from afar with a +1 spear of venom.
The gnoll hits you with a +0 flail.
You shoot an arrow. The arrow hits the gnoll!
You kill the gnoll!
The gnoll hits you from afar with a +1 spear of venom.
You have reached level 4!
You feel clever.
You shoot an arrow. The arrow barely misses the gnoll.
The gnoll hits you but does no damage.
The gnoll hits you from afar with a +1 spear of venom.
You die...

###.......... #..
####..##... #..
#..##... #...
####....... ...
#...\...... ...
#....##.#.. ##.#
#####..##.# .
##...######..##.....#
#....g@.[...........#
##..g######....#....#
#... #....#.>).# #...
#....#....# #.gg
######....# #...
#....# #... #....#
#... #....# ######


You could see 2 gnolls.

Vanquished Creatures
  An adder (D:2)
  A gnoll (D:2)
  A ribbon worm (D:2)
  A dart slug (D:1)
  2 ball pythons (D:1)
  3 bats
  An endoplasm (D:2)
  3 giant cockroaches
  5 goblins (D:1)
  2 hobgoblins
  3 quokkas
  3 frilled lizards (D:1)
  3 kobolds
  4 rats
33 creatures vanquished.

Notes
Turn   | Place    | Note
-------+----------+-------------------------------------------
     0 | D:1      | qw the Djinni Hunter began the quest for the Orb.
     0 | D:1      | Reached XP level 1. HP: 18/18 MP: 0/0
     0 | D:1      | 0 ||| qw: Version: 0.3-a-132-g3d54051
     0 | D:1      | 0 ||| qw: Game counter: 645
     0 | D:1      | 0 ||| qw: Melee chars always use a shield: true
     0 | D:1      | 0 ||| qw: God list: Okawaru
     0 | D:1      | 0 ||| qw: Allow faded altars: false
     0 | D:1      | 0 ||| qw: Do Orc after clearing Dungeon:15 true
     0 | D:1      | 0 ||| qw: Do second Lair branch before Depths: true
     0 | D:1      | 0 ||| qw: Lair rune preference: random
     0 | D:1      | 0 ||| qw: Goals: Normal
     0 | D:1      | 0 ||| PLANNING D:1-11
     1 | D:1      | Noticed a merfolk
     4 | D:1      | Noticed a merfolk
     4 | D:1      | Noticed a troll
     6 | D:1      | Noticed a formicid
     7 | D:1      | Noticed a vine stalker
     8 | D:1      | Noticed an octopode
    11 | D:1      | Noticed a minotaur
    11 | D:1      | Noticed a ghoul
    13 | D:1      | Noticed a spriggan
    15 | D:1      | Noticed a draconian
    18 | D:1      | Noticed an octopode
    18 | D:1      | Noticed a draconian
    90 | D:1      | Reached XP level 2. HP: 23/23 MP: 0/0
   464 | D:1      | Reached XP level 3. HP: 28/28 MP: 0/0
   464 | D:1      | Learned a level 1 spell: Magic Dart
   665 | D:1      | Reached skill level 4 in Ranged Weapons
   726 | D:1      | 726 ||| UPGRADING to +0 ring mail.
   736 | D:1      | 736 ||| DROPPING +0 leather armour.
   737 | D:1      | 737 ||| READING scroll labelled EDIRPHUOTOSA.
   737 | D:1      | 737 ||| IDENTIFYING puce potion
   738 | D:1      | 738 ||| READING scroll labelled HUEFOMMAIP.
   739 | D:1      | 739 ||| READING scroll labelled XOTYRUEPIJ.
   740 | D:1      | 740 ||| DROPPING scroll of butterflies.
   741 | D:1      | 741 ||| DROPPING potion of ambrosia.
   758 | D:2      | 758 ||| STAIRDANCE
   785 | D:2      | Found a faded altar of an unknown god.
   804 | D:2      | Reached skill level 1 in Armour
   844 | D:2      | 844 ||| FLEEEEING.
   924 | D:2      | Found Husodach's Weapon Boutique.
   932 | D:2      | 932 ||| BUYING +0 orcbow (42 gold).
   932 | D:2      | Bought a +0 orcbow for 42 gold pieces
   932 | D:2      | 932 ||| SWAPPING to +0 orcbow.
   933 | D:2      | 933 ||| DROPPING +0 shortbow.
  1017 | D:2      | Found Hodae's Distillery.
  1025 | D:2      | 1025 ||| SHOPLISTING potion of cancellation (80 gold, have
                  | 30).
  1025 | D:2      | 1025 ||| SHOPLISTING potion of enlightenment (50 gold, have
                  | 30).
  1025 | D:2      | 1025 ||| SHOPLISTING potion of heal wounds (50 gold, have
                  | 30).
  1025 | D:2      | 1025 ||| SHOPLISTING potion of might (40 gold, have 30).
  1025 | D:2      | 1025 ||| SHOPLISTING potion of mutation (80 gold, have 30).
  1025 | D:2      | 1025 ||| SHOPLISTING potion of resistance (100 gold, have
                  | 30).
  1049 | D:2      | 1049 ||| RETREEEEATING.
  1051 | D:2      | 1051 ||| RETREEEEATING.
  1055 | D:2      | HP: 6/29 [gnoll/+0 flail (6)]
  1056 | D:2      | HP: 2/29 [gnoll/+1 spear of venom (5)]
  1057 | D:2      | Reached XP level 4. HP: 2/34 MP: 0/0
  1057 | D:2      | Slain by a gnoll

Levels and vault maps discovered:
D:1:      shiori_arrival_whats_in_store_for_you, layout_loops_ring
D:2:      layout_basic, serial_shops, nicolae_shop_peninsula,
          nicolae_square_shop, shop, hellmonk_ecumenical_altar_heavens_door,
          kennysheep_decorative_pillar, minivault_27

Skill      XL: |  1  2  3 |
---------------+----------+-----
Ranged Weapons | 4 |  4.0
Armour         | 1 |  1.2
Fighting       | |  2.7
Dodging        | |  2.1
Stealth        | |  0.7

Action                     |  1- 3 |  4- 6 || total
---------------------------+-------+-------++-------
   Fire: Shortbow          |    73 |       ||    73
         Orcbow            |    15 |     1 ||    16
    Use: Scroll            |     3 |       ||     3
 Armour: Leather armour    |     5 |       ||     5
         Ring mail         |    17 |     2 ||    19
  Dodge: Dodged            |    29 |       ||    29

Table legend:
 A = Non-vault XP
 B = Vault XP
 C = Vault XP percentage of total XP
 D = Non-vault monster count
 E = Vault monster count
 F = Vault count percentage of total count
                 A         B        C        D         E       F
            +---------+---------+-------+---------+---------+-------
      Total |      82 |       0 |   0.0 |      33 |       0 |   0.0
            +---------+---------+-------+---------+---------+-------
        D:1 |      34 |       0 |   0.0 |      21 |       0 |   0.0
        D:2 |      48 |       0 |   0.0 |      12 |       0 |   0.0
            +---------+---------+-------+---------+---------+-------
